 Dungeon Crawl Stone Soup version 0.30.1-11-g7821555f0a (webtiles) character file.

Game seed: 15333717675953830986

274 booth the Chopper (level 6, 0/49 HPs)
             Began as a Demonspawn Monk on Dec 23, 2023.
             Slain by Pikel
             ... wielding a +0 whip of freezing
              (2 damage)
             ... on level 4 of the Dungeon on Dec 24, 2023.
             The game lasted 00:18:52 (3381 turns).

booth the Chopper (Demonspawn Monk)                 Turns: 3381, Time: 00:18:53

Health: 0/49       AC:  5    Str: 13    XL:     6   Next: 3%
Magic:  6/6        EV: 13    Int: 11    God:
Gold:   116        SH:  0    Dex: 16    Spells: 5/5 levels left

rFire   . . .        a - +0 hand axe
rCold   . . .        d - orb {light}
rNeg    . . .        c - +0 leather armour
rPois   .            (helmet restricted)
rElec   .            e - scarf {shadows}
rCorr   .            (no gloves)
SInv    +            f - +1 pair of boots
Will    .....        (no amulet)
Stlth   +            o - ring of see invisible
HPRegen 0.28/turn    (no ring)
MPRegen 0.10/turn

%: no passive effects
@: hasted, glowing, studying Axes, very quick
A: antennae 1, demonic guardian 1
a: no special abilities


You were on level 4 of the Dungeon.
You visited 1 branch of the dungeon, and saw 4 of its levels.

You collected 116 gold pieces.

Inventory:

Hand Weapons
 a - a +0 hand axe (weapon)
Armour
 c - a +0 leather armour (worn)
 d - an orb of light (worn)
 e - a scarf of shadows (worn)
 f - a +1 pair of boots (worn)
Jewellery
 g - a +6 ring of intelligence
 o - a ring of see invisible (left hand)
Wands
 l - a wand of polymorph (2)
Scrolls
 i - 2 scrolls of vulnerability
 j - a scroll of teleportation
 n - a scroll of fog
Potions
 b - a potion of brilliance {unknown}
 k - 2 potions of mutation
 m - a potion of magic


   Skills:
 + Level 4.5 Fighting
 * Level 6.3 Axes
 - Level 3.3 Dodging


You had 5 spell levels left.
You didn't know any spells.
Your spell library contained the following spells:

 Spells                   Type           Power      Damage    Failure   Level
 Ensorcelled Hibernation  Hex/Ice        0%         N/A       56%         2
 Passwall                 Tmut/Erth      0%         N/A       56%         2
 Ozocubu's Armour         Ice            0%         N/A       80%         3
 Swiftness                Air            0%         N/A       80%         3
 Ozocubu's Refrigeration  Ice            0%         4d7       100%        7


Dungeon Overview and Level Annotations

Branches:
Dungeon (4/15)
 Temple: D:4-7

Altars:
Dithmenos
Kikubaaqudgha
Uskayaw
Vehumet

Annotations:
D:4 Pikel


Innate Abilities, Weirdness & Mutations

You have a pair of small antennae on your head.
A weak demonic guardian rushes to your aid.


Message History

You slash Pikel!
Pikel is heavily wounded.
Pikel says, "It's all about the gold, really."
Pikel barely misses you.
You hit Pikel but do no damage.
Pikel is heavily wounded.
Pikel hits you with a +0 whip of freezing!
Pikel freezes you.
You hit Pikel.
Pikel is heavily wounded.
Pikel hits you but does no damage.
You hit Pikel.
Pikel is severely wounded.
Pikel misses you.
You hit Pikel.
Pikel is severely wounded.
Pikel barely misses you.
You barely miss Pikel.
Pikel is severely wounded.
Pikel hits you with a +0 whip of freezing.
Pikel freezes you.
You hit Pikel but do no damage.
Pikel is severely wounded.
Pikel hits you with a +0 whip of freezing!
Pikel freezes you.
You hit Pikel but do no damage.
Pikel is severely wounded.
Pikel waves his whip at you. Pikel barely misses you.
You hit Pikel but do no damage.
Pikel is severely wounded.
Pikel hits you with a +0 whip of freezing.
* * * LOW HITPOINT WARNING * * *
Pikel freezes you.
* * * LOW HITPOINT WARNING * * *
You feel yourself speed up.
Pikel hits you with a +0 whip of freezing!
* * * LOW HITPOINT WARNING * * *
A demonic guardian appears!
Pikel freezes you.
You die...

#.# #.####.....#
#.##.#.## #.# #.#
##.....# #.#.###.#
#.# #.. ...#.#.#
#.##.#<## ..#
#####.#..#.#######.#
#.## ###
#.###........K..#
#.# ##
#...(######### #.#
#.###.# #.#### ..
#K# #..... ##.###@#
###### #..5.# #
####.# # #.# # #.# #
#.# # #.# # #.# #
... #


You could see Pikel (ally target) and a friendly ufetubus (summoned).

Vanquished Creatures
  Eustachio (D:4)
  3 lemures (D:4)
  A hound (D:4)
  3 adders
  3 worms
  A dart slug (D:2)
  7 ball pythons
  5 endoplasms
  4 giant cockroaches
  6 goblins
  5 hobgoblins
  4 kobolds
  5 quokkas
  7 bats
  A frilled lizard (D:1)
  4 rats
60 creatures vanquished.

Vanquished Creatures (collateral kills)
  A lemure (D:4)
1 creature vanquished.

Vanquished Creatures (others)
  A human (D:4)
1 creature vanquished.

Grand Total: 62 creatures vanquished

Notes
Turn   | Place    | Note
-------+----------+-------------------------------------------
     0 | D:1      | booth the Demonspawn Monk began the quest for the Orb.
     0 | D:1      | Reached XP level 1. HP: 18/18 MP: 1/1
   137 | D:1      | Gained mutation: A weak demonic guardian rushes to your
                  | aid. [demonic ancestry]
   137 | D:1      | Reached XP level 2. HP: 20/24 MP: 2/2
   314 | D:1      | Reached skill level 3 in Axes
   632 | D:1      | Identified a scroll of acquirement
   632 | D:1      | Acquired a manual of Axes
   661 | D:2      | Reached XP level 3. HP: 27/29 MP: 3/3
   730 | D:2      | Found a shadowy altar of Dithmenos.
  1521 | D:3      | Reached skill level 4 in Axes
  1521 | D:3      | Reached XP level 4. HP: 25/37 MP: 4/4
  2269 | D:3      | Found a hide-covered altar of Uskayaw.
  2281 | D:3      | Found a radiant altar of Vehumet.
  2356 | D:4      | Noticed Eustachio
  2393 | D:4      | Killed Eustachio
  2394 | D:4      | Reached skill level 6 in Axes
  2394 | D:4      | Gained mutation: You have a pair of small antennae on your
                  | head. [demonic ancestry]
  2394 | D:4      | Reached XP level 5. HP: 41/43 MP: 5/5
  2460 | D:4      | Reached XP level 6. HP: 32/49 MP: 6/6
  2905 | D:4      | Noticed Pikel
  3164 | D:4      | Found an ancient bone altar of Kikubaaqudgha.
  3165 | D:4      | Noticed a human
  3168 | D:4      | Killed a human
  3381 | D:4      | HP: 2/49 [Pikel/+0 whip of freezing (8)]
  3381 | D:4      | Slain by Pikel

Illustrated notes

Levels and vault maps discovered:
D:1:      giann_horns, layout_rooms
D:2:      layout_rooms, basic_altar, kennysheep_generic_room_3
D:3:      layout_loops_ring, grunt_temple_overflow_diamond,
          dreamdust_princess_corridor, minmay_surrounded
D:4:      layout_loops_ring, nzn_hepliaklqana_mist_gate,
          nicolae_overflow_two_pavilions, tgw_kikubaaqudgha,
          mainiacjoe_overflow_surrounded_room, uniq_sigmund, uniq_eustachio,
          uniq_pikel

Skill      XL: |  1  2  3  4 |
---------------+-------------+-----
Dodging        | 3 |  3.3
Axes           | 3 4 6 |  6.3
Fighting       | 4 |  4.5

Action                     |  1- 3 |  4- 6 || total
---------------------------+-------+-------++-------
  Melee: Hand axe          |   142 |   157 ||   299
  Throw: Dart              |       |     5 ||     5
    Use: Scroll            |     6 |     4 ||    10
         Potion            |     1 |     5 ||     6
   Stab: Distracted        |       |     1 ||     1
 Armour: Robe              |    37 |    22 ||    59
         Leather armour    |       |     8 ||     8
  Dodge: Dodged            |    94 |   112 ||   206
